 Dungeon Crawl Stone Soup version 0.19-a0-1013-g40768a3 (webtiles) character file.

2937 4thArraOfDagon the Spear-Bearer (level 9, 9/71 HPs)
             Began as a Centaur Abyssal Knight on July 24, 2016.
             Was a Priest of Lugonu.
             Quit the game on level 2 of the Orcish Mines.
             The game lasted 00:17:15 (2995 turns).

4thArraOfDagon the Spear-Bearer (CeAK)              Turns: 2995, Time: 00:17:16

Health: 9/71       AC: 20    Str: 19    XL:     9   Next: 51%
Magic:  12/12      EV:  1    Int: 14    God:    Lugonu [***...]
Gold:   133        SH:  0    Dex:  9    Spells: 0 memorised, 8 levels left

rFire  . . .     SeeInvis .     l - +1 halberd (venom)
rCold  . . .     Gourm    .     z - +0 plate armour
rNeg   . . .     Faith    .     (shield currently unavailable)
rPois  .         Spirit   .     m - +2 helmet
rElec  .         Dismiss  .     (no cloak)
rCorr  .         Reflect  .     (no gloves)
SustAt .         Harm     .     o - +0 centaur barding
MR     .....                    (no amulet)
Stlth  ..........               q - +4 ring of strength
                                j - +3 ring of protection

@: lethally poisoned (9 -> -8), slowed, not resistant to hostile enchantments,
extremely unstealthy
A: hooves 3, deformed body, speed 2, tough skin 3
a: Depart the Abyss, Bend Space, Banish, Renounce Religion


You were on level 2 of the Orcish Mines.
You worshipped Lugonu.
Lugonu was most pleased with you.
You were not hungry.

You visited 2 branches of the dungeon, and saw 12 of its levels.
You visited the Abyss 1 time.
You also visited: Ice Cave.

You collected 249 gold pieces.
You spent 116 gold pieces at shops.

Inventory:

Hand Weapons
 a - a +1 spear
 l - a +1 halberd of venom (weapon)
 y - a +0 halberd
Missiles
 i - 5 curare-tipped needles
Armour
 b - a +0 leather armour
 g - a +1 helmet
 h - a +0 ring mail
 m - a +2 helmet (worn)
 o - a +0 centaur barding (worn)
 p - a +0 scale mail
 z - a +0 plate armour (worn)
Jewellery
 j - a +3 ring of protection (left hand)
 q - a +4 ring of strength (right hand)
 s - an uncursed ring of fire
 v - an uncursed ring of protection from cold
Wands
 d - a wand of iceblast (0/15)
 e - a wand of iceblast (0/15)
 r - a wand of digging (8/24)
 A - a wand of random effects (14/48)
 B - a wand of flame (38/48)
Scrolls
 f - a scroll of fog
 n - a scroll of teleportation
 t - 4 scrolls of remove curse
 w - a scroll of silence
Potions
 x - a potion of brilliance
Comestibles
 c - 4 bread rations
 k - 5 meat rations


   Skills:
 - Level 4.0 Fighting
 * Level 10.9 Polearms
 + Level 3.0 Armour
 - Level 0.6 Dodging
 + Level 4.5 Invocations


You had 8 spell levels left.
You didn't know any spells.

Dungeon Overview and Level Annotations

Branches:
Dungeon (10/15)            Temple (0/1) D:6             Orc (2/2) D:10
   Lair: D:8-11         Elf: Orc:2

Altars:
Uskayaw
Beogh

Shops:
D:7 (

Annotations:
D:6 HAL9000's ghost, novice OgBe
Orc:1 Erica; Gastronok
Orc:2 Harold; Maurice; Sonja


Innate Abilities, Weirdness & Mutations

You have hooves in place of feet.
Armour fits poorly on your strangely shaped body.
You cover ground very quickly.
You have extremely tough skin. (AC +3)


Message History

Sonja blinks!
You start resting.
You feel sick. x2
Sonja shoots a curare-tipped needle.
The curare-tipped needle hits you.
You are lethally poisoned!
You have difficulty breathing.
* * * LOW HITPOINT WARNING * * *
You feel as though you will be slow longer.
Press: ? - help, Shift-Dir - straight line, f/p - Sonja
Aim: Sonja, wielding a blowgun (chance to defeat MR: 88%)
You fail to use your ability.
* * * LOW HITPOINT WARNING * * *
You feel very sick.
Sonja casts a spell.
Sonja blinks!
Unknown command.
* * * LOW HITPOINT WARNING * * *
You feel sick.
Unknown command.
Okay, then.
Are you sure you want to abandon this character and quit the game? (Confirm with "yes".)

# #.# .$..
.....####
........# #(#
#(# ####
#@###..##
#.##....#
..#####.##....##
........#......#
............#.##
...........#...#
..............##
..#####..#....#
. ##.....##


There were no monsters in sight!

Vanquished Creatures
  An orc sorcerer (Orc:2)
  A yak (D:10)
  A hippogriff (D:9)
  An orc warrior (Orc:2)
  6 ice beasts (IceCv)
  2 centaurs (D:10)
  3 ogres
  2 giant frogs (D:8)
  2 howler monkeys (D:4)
  2 crimson imps
  A giant frog zombie (D:6)
  3 hounds
  5 orc wizards
  A jelly (D:9)
  2 centaur skeletons (D:4)
  6 orc priests
  Jessica (D:2)
  Robin (D:2)
  4 gnolls (Orc:2)
  A howler monkey skeleton (D:4)
  3 adders
  2 worms
  2 giant geckos (D:4)
  20 orcs
  3 giant cockroaches
  5 goblins (D:2)
  6 hobgoblins (D:2)
  4 jackals (D:7)
  4 kobolds
  A ball python (D:4)
  3 bats
  A giant newt (D:4)
  5 rats
105 creatures vanquished.

Vanquished Creatures (others)
  An ugly thing (IceCv)
  An ice beast (Orc:2)
2 creatures vanquished.

Grand Total: 107 creatures vanquished

Notes
Turn   | Place    | Note
-------+----------+-------------------------------------------
     0 | Abyss:1  | 4thArraOfDagon the Centaur Abyssal Knight began the quest for the Orb.
     0 | Abyss:1  | Reached XP level 1. HP: 19/19 MP: 2/2
    35 | Abyss:1  | Noticed a tormentor
    56 | Abyss:1  | Noticed a chaos spawn
    57 | Abyss:1  | Found a corrupted altar of Lugonu.
   133 | Abyss:2  | Noticed a ynoxinul
   184 | Abyss:2  | Noticed an ancient zyme
   193 | Abyss:2  | Noticed a worldbinder
   197 | Abyss:2  | Noticed a siren
   204 | Abyss:2  | Noticed a merfolk
   204 | Abyss:2  | Noticed a merfolk
   204 | Abyss:2  | Noticed a merfolk
   204 | Abyss:2  | Noticed a snapping turtle
   204 | Abyss:2  | Noticed a snapping turtle
   204 | D:1      | Escaped the Abyss
   246 | D:1      | Reached skill level 2 in Polearms
   370 | D:2      | Found a hide-covered altar of Uskayaw.
   404 | D:2      | BLOAX: the dream
   418 | D:2      | Reached * piety under Lugonu
   425 | D:2      | Reached XP level 2. HP: 22/26 MP: 3/3
   453 | D:2      | BLOAX: my god, what happened to worms
   472 | D:2      | BLOAX: they look like caterpillars now
   569 | D:2      | Noticed Robin
   578 | D:2      | Noticed Jessica
   596 | D:2      | Killed Robin
   596 | D:2      | Reached skill level 3 in Polearms
   596 | D:2      | Reached XP level 3. HP: 24/31 MP: 4/4
   627 | D:2      | Killed Jessica
   627 | D:2      | Reached XP level 4. HP: 30/38 MP: 5/5
   671 | D:4      | Noticed an ogre
   680 | D:4      | Noticed an ogre
   687 | D:4      | Reached skill level 4 in Polearms
   687 | D:4      | Reached XP level 5. HP: 43/45 MP: 6/6
   690 | D:4      | Killed an ogre
   690 | D:4      | Reached skill level 5 in Polearms
   690 | D:4      | Killed an ogre
   690 | D:4      | Reached XP level 6. HP: 49/51 MP: 7/7
   723 | D:4      | Reached ** piety under Lugonu
   733 | D:4      | Reached skill level 6 in Polearms
   927 | D:5      | Entered Level 5 of the Dungeon
  1087 | D:7      | Found Zuguugush's Antique Weapon Shoppe.
  1115 | D:7      | ofc
  1133 | D:7      | Reached XP level 7. HP: 41/57 MP: 8/8
  1185 | D:6      | Reached skill level 7 in Polearms
  1202 | D:6      | Found a staircase to the Ecumenical Temple.
  1254 | D:6      | Noticed HAL9000's ghost (novice OgBe)
  1462 | D:7      | Bought a halberd for 116 gold pieces
  1585 | D:8      | Reached *** piety under Lugonu
  1585 | D:8      | Reached skill level 8 in Polearms
  1685 | D:8      | Noticed a wyvern
  1737 | D:10     | Entered Level 10 of the Dungeon
  1779 | D:9      | Noticed a wyvern
  1789 | D:10     | Noticed a troll
  1834 | D:10     | Noticed a yak
  1843 | D:10     | Killed a yak
  1843 | D:10     | Reached XP level 8. HP: 41/63 MP: 9/9
  1897 | D:10     | Reached skill level 9 in Polearms
  2084 | D:10     | Found a staircase to the Orcish Mines.
  2113 | D:10     | Reached skill level 10 in Polearms
  2184 | Orc:1    | Entered Level 1 of the Orcish Mines
  2184 | Orc:1    | Noticed a two-headed ogre
  2184 | Orc:1    | Noticed an orc knight
  2188 | Orc:1    | Noticed an orc sorcerer
  2190 | Orc:1    | Noticed an orange demon
  2191 | Orc:1    | Noticed Gastronok
  2205 | Orc:1    | Found a frozen archway.
  2212 | IceCv    | Entered an ice cave
  2245 | IceCv    | Reached XP level 9. HP: 21/70 MP: 11/11
  2266 | IceCv    | Noticed a white ugly thing
  2268 | IceCv    | Banished a white ugly thing
  2343 | Orc:2    | Entered Level 2 of the Orcish Mines
  2343 | Orc:2    | Noticed Maurice
  2801 | Orc:2    | Found a roughly hewn altar of Beogh.
  2805 | Orc:2    | Noticed an orc sorcerer
  2834 | Orc:2    | Paralysed by an orc sorcerer for 4 turns
  2839 | Orc:2    | Killed an orc sorcerer
  2953 | Orc:1    | Noticed Harold
  2956 | Orc:1    | Noticed Erica
  2982 | Orc:2    | Noticed Sonja
  2995 | Orc:2    | Quit the game

Vault maps used:
D:1:      roderic_crossed_star
D:2:      nicolae_overflow_crystal_walls, minitemple, uniq_jessica, uniq_robin
D:3:      led_sif_book
D:4:      first_bread, serial_bayou_lake_a, uniq_natasha
D:5:      yredelemnul_altar_generic
D:6:      lemuel_statue_altar, uniq_pikel, uniq_duvessa, uniq_menkaure,
          uniq_crazy_yiuf_cottage
D:7:      nicolae_overflow_hidden_temple, kennysheep_little_box, serial_shops,
          nicolae_shop_stone
D:8:      lair_0_dummy
D:9:      library_closet
D:10:     orc_0_dummy, serial_shops, nicolae_shop_stone, grunt_ogre_cave,
          serial_bayou_pond_d
Orc:1:    portal_ice_cave_entry_pillars_1, uniq_harold, uniq_gastronok,
          uniq_erica
Orc:2:    grunt_orc_community_town_hall, grunt_orc_community_big_house_1,
          grunt_orc_community_big_house_1, grunt_orc_community_house_3,
          grunt_orc_community_house_1, grunt_orc_community_house_1,
          grunt_orc_community_house_1, grunt_orc_community_house_3,
          uniq_erolcha, uniq_maurice, uniq_sonja
Abyss:2:  hangedman_cross_veins, minivault_4
IceCv:    ice_cave_statue_garden_chambered

Skill      XL: |  1  2  3  4  5  6  7  8  9 |
---------------+----------------------------+-----
Polearms       | 2 3 4 5 6 8 10 | 10.9
Invocations    | 3 4 |  4.5
Armour         | 2 3 |  3.0
Fighting       | 4 |  4.0
Dodging        | |  0.6

Action                   |  1- 3 |  4- 6 |  7- 9 || total
-------------------------+-------+-------+-------++-------
Melee: Spear             |    91 |   117 |    74 ||   282
       Kick              |    13 |    24 |    41 ||    78
       Halberd           |       |       |   166 ||   166
Invok: Depart the Abyss  |     1 |       |       ||     1
       Banish            |       |       |     3 ||     3
Evoke: Wand              |     2 |     5 |    13 ||    20
  Use: Potion            |     2 |       |     8 ||    10
       Scroll            |     4 |     4 |     5 ||    13
 Stab: Invisible         |       |       |     3 ||     3
  Eat: Fruit             |     4 |       |       ||     4
       Meat ration       |       |       |     1 ||     1
Armor: Leather armour    |    12 |       |       ||    12
       Ring mail         |    14 |    23 |       ||    37
       Scale mail        |       |     9 |    85 ||    94
       Plate armour      |       |       |    51 ||    51
Dodge: Dodged            |    37 |    22 |    56 ||   115
